 Dungeon Crawl Stone Soup version 0.22-a0-565-gfc6459a (webtiles) character file.

731 royokou the Magician (level 7, -3/36 HPs)
             Began as a Deep Elf Conjurer on June 28, 2018.
             Was a Follower of Vehumet.
             Slain by a leopard gecko (5 damage)
             ... on level 6 of the Dungeon on June 29, 2018.
             The game lasted 00:38:40 (6892 turns).

royokou the Magician (Deep Elf Conjurer)            Turns: 6892, Time: 00:38:40

Health: -3/36      AC:  6    Str:  7    XL:     7   Next: 45%
Magic:  7/20       EV: 12    Int: 20    God:    Vehumet [*.....]
Gold:   253        SH:  0    Dex: 15    Spells: 2/21 levels left

rFire    . . .     SeeInvis .   n - +0 whip (curse)
rCold    . . .     Gourm    .   (no shield)
rNeg     . . .     Faith    .   j - +0 leather armour {MR+}
rPois    .         Spirit   .   q - +1 helmet
rElec    .         Reflect  .   (no cloak)
rCorr    +         Harm     .   (no gloves)
MR       +....                  s - +0 pair of boots
Stlth    ++........             (no amulet)
HPRegen  0.12/turn              e - ring of resist corrosion
MPRegen  0.17/turn              (no ring)

@: no status effects
A: no striking features
a: Renounce Religion


You were on level 6 of the Dungeon.
You worshipped Vehumet.
Vehumet was aware of your devotion.
You were not hungry.

You visited 1 branch of the dungeon, and saw 6 of its levels.
You also visited: Sewer.

You collected 253 gold pieces.

Inventory:

Hand Weapons
 i - a +1 dagger
 l - a +0 spear
 m - a +0 rapier
 n - a cursed +0 whip (weapon)
 v - a +0 hand crossbow
 y - a +0 rapier
Missiles
 w - 11 bolts
Armour
 a - a +0 robe
 j - a +0 leather armour of magic resistance (worn)
 o - a +0 leather armour
 q - a +1 helmet (worn)
 s - a +0 pair of boots (worn)
Jewellery
 d - an uncursed ring of resist corrosion
 e - a ring of resist corrosion (left hand)
 C - an uncursed ring of fire {unknown}
 E - a cursed -3 ring of dexterity {unknown}
Wands
 B - a wand of enslavement (27)
Scrolls
 b - 7 scrolls of identify
 f - 4 scrolls of teleportation
 g - 2 scrolls of immolation
 h - 5 scrolls of enchant armour
 p - a scroll of fog
 F - a scroll of enchant weapon
Potions
 k - 2 potions of ambrosia
 r - a potion of lignification
 t - a potion of might
 u - a potion of brilliance
 x - 3 potions of curing
 z - a potion of invisibility {unknown}
 A - a potion of flight {unknown}
 D - a potion of agility {unknown}
Comestibles
 c - 9 rations
 G - 2 chunks of flesh


   Skills:
 - Level 2.4 Dodging
 - Level 2.4 Stealth
 * Level 7.7 Spellcasting
 * Level 7.4 Conjurations
 + Level 1.2 Hexes
 - Level 2.1 Translocations
 + Level 1.2 Fire Magic


You had 2 spell levels left.
You knew the following spells:

 Your Spells              Type           Power        Failure   Level  Hunger
a - Magic Dart            Conj           ####         1%          1    None
b - Searing Ray           Conj           #####.       1%          2    None
c - Dazzling Spray        Conj/Hex       ####..       7%          3    None
d - Iskenderun's Mystic   Conj           #####...     6%          4    ###....
e - Force Lance           Conj/Tloc      ####....     19%         4    ###....
f - Flame Tongue          Conj/Fire      ####.        2%          1    None
g - Fulminant Prism       Conj/Hex       ####......   22%         4    ###....

Your spell library contained the following spells:

 Spells                   Type           Power        Failure   Level  Hunger


Dungeon Overview and Level Annotations

Branches:
Dungeon (6/15)
 Temple: D:4-7

Altars:
Elyvilon
Fedhas
Kikubaaqudgha
Makhleb
Qazlal
Ru
Sif Muna
Uskayaw
Vehumet
Xom

Annotations:
D:3 exclusion: oklob plant


Message History

Aim: an orc warrior, wielding a glaive and wearing a chain mail (moderately wounded, blind)
The orb of energy hits the orc warrior.
The orc warrior is almost dead.
The orc warrior hits you with a glaive!
A leopard gecko comes into view.
You hit the orc warrior.
The orc warrior is almost dead.
The leopard gecko hisses menacingly.
The orc warrior misses you.
You hit the orc warrior.
The orc warrior is almost dead.
The orc warrior is no longer blind.
The orc warrior closely misses you. The leopard gecko bites you.
You are too injured to fight recklessly!
The orc warrior hits you from afar with a glaive!
* * * LOW HITPOINT WARNING * * *
Okay, then.
Okay, then.
The leopard gecko bites you.
You die...

###....#.#.##..##
#.......###..[##
# #.######.#.####
#.##.## ##.##
#.#...######.#
#............#
###...########
##.### #.@.######
#<#l$....#
####.###.#
#§...§# #o.)..#
.()._....#
###.....###
#§...§# ###.###


You could see a leopard gecko.

Vanquished Creatures
  An ogre (D:5)
  A scorpion (D:5)
  A hound (D:5)
  An orc priest (D:5)
  A bullfrog skeleton (D:6)
  4 iguanas
  3 orc wizards
  3 worker ants
  A worker ant zombie (D:5)
  8 adders
  3 oozes
  4 worms
  4 dart slugs
  6 leopard geckos
  19 orcs
  6 ball pythons
  6 bats
  4 giant cockroaches
  6 goblins
  10 hobgoblins
  9 jackals
  15 kobolds
  A quokka (D:2)
  4 frilled lizards
  A jackal skeleton (D:5)
  A leopard gecko skeleton (D:4)
  6 rats
129 creatures vanquished.

Vanquished Creatures (others)
  3 plants (Sewer)
3 creatures vanquished.

Grand Total: 132 creatures vanquished

Notes
Turn   | Place    | Note
-------+----------+-------------------------------------------
     0 | D:1      | royokou the Deep Elf Conjurer began the quest for the Orb.
     0 | D:1      | Reached XP level 1. HP: 10/10 MP: 6/6
   369 | D:1      | Reached XP level 2. HP: 15/15 MP: 1/8
   665 | D:1      | Learned a level 2 spell: Searing Ray
   918 | D:2      | Reached skill level 5 in Conjurations
  1020 | D:2      | Reached XP level 3. HP: 19/19 MP: 6/10
  1145 | D:2      | Learned a level 3 spell: Dazzling Spray
  1422 | D:2      | Reached XP level 4. HP: 24/24 MP: 8/12
  1716 | D:2      | Reached skill level 5 in Spellcasting
  1722 | D:2      | Learned a level 4 spell: Iskenderun's Mystic Blast
  2018 | D:3      | Reached XP level 5. HP: 28/28 MP: 1/14
  2157 | D:3      | Found an ancient bone altar of Kikubaaqudgha.
  2168 | D:3      | Found a deep blue altar of Sif Muna.
  2169 | D:3      | Found a radiant altar of Vehumet.
  2175 | D:3      | Identified Vehumet's Volume of Attacks
  2178 | D:3      | Became a worshipper of Vehumet
  2222 | D:3      | Found a glowing drain.
  2238 | Sewer    | Entered a sewer
  2532 | Sewer    | Learned a level 4 spell: Force Lance
  3565 | D:3      | Reached skill level 1 in Translocations
  3746 | D:3      | Found a blossoming altar of Fedhas.
  3925 | D:3      | Found a hide-covered altar of Uskayaw.
  4183 | D:3      | Noticed an oklob plant
  4465 | D:4      | Reached XP level 6. HP: 32/32 MP: 6/17
  5247 | D:4      | Found a shimmering altar of Xom.
  5247 | D:4      | Found a stormy altar of Qazlal.
  5467 | D:5      | Entered Level 5 of the Dungeon
  5602 | D:5      | Reached * piety under Vehumet
  5602 | D:5      | Offered knowledge of Flame Tongue by Vehumet.
  5858 | D:5      | Reached XP level 7. HP: 36/36 MP: 17/19
  6085 | D:5      | Found a sacrificial altar of Ru.
  6387 | D:5      | Learned a level 1 spell: Flame Tongue
  6392 | D:5      | Learned a level 4 spell: Fulminant Prism
  6619 | D:5      | Found a burning altar of Makhleb.
  6714 | D:5      | Reached skill level 1 in Hexes
  6714 | D:5      | Reached skill level 1 in Fire Magic
  6812 | D:6      | Found a white marble altar of Elyvilon.
  6880 | D:6      | Found a stormy altar of Qazlal.
  6892 | D:6      | Slain by a leopard gecko

Vault maps used:
D:1:      lemuel_arrival_tunnels
D:3:      grunt_temple_overflow_magic_moments, tgw_fedhas,
          nicolae_overflow_crystal_walls, cheibrodos_sewer_entry_drain
D:4:      gammafunk_temple_overflow_wave, first_ration
D:5:      marbit_many_paths, lemuel_doored_altar, minmay_misc_feat_iff
D:6:      elyvilon_altar_4, minmay_temple_entry_statues_pillars,
          nicolae_ossuary_entry_catacombs, serial_shops, shop_statue,
          st_stairs_14, grunt_qazlal_clouds, uniq_edmund
Sewer:    sewer_co_scattered_pipes

Skill      XL: |  1  2  3  4  5  6  7 |
---------------+----------------------+-----
Conjurations   | 5 6 7 |  7.4
Spellcasting   | 4 5 6 7 |  7.7
Translocations | 1 2 |  2.1
Hexes          | 1 |  1.2
Fire Magic     | 1 |  1.2
Dodging        | |  2.4
Stealth        | |  2.4

Action                   |  1- 3 |  4- 6 |  7- 9 || total
-------------------------+-------+-------+-------++-------
Melee: Unarmed           |     1 |       |       ||     1
       Spear             |    14 |       |       ||    14
       Whip              |       |    23 |    19 ||    42
 Cast: Magic Dart        |    70 |   154 |    34 ||   258
       Iskenderun's Myst |       |    14 |     6 ||    20
       Dazzling Spray    |       |     6 |     3 ||     9
       Searing Ray       |       |     3 |       ||     3
       Force Lance       |       |       |     1 ||     1
  Use: Scroll            |     4 |     2 |     1 ||     7
       Potion            |     2 |     4 |       ||     6
 Stab: Invisible         |       |       |     1 ||     1
  Eat: Chunk             |     1 |    13 |     4 ||    18
       Ration            |       |     1 |       ||     1
Armor: Leather armour    |     5 |    11 |    12 ||    28
Dodge: Dodged            |    15 |    37 |    31 ||    83

Table legend:
 A = Spawn XP
 B = Non-spawn XP
 C = Spawn XP percentage of total XP
 D = Spawn monster count
 E = Non-spawn monster count
 F = Spawn count percentage of total count
 G = Total turns spent on level
                    A         B        C        D         E        F      G
               +---------+---------+-------+---------+---------+-------+---------
         Total |       0 |    1045 |   0.0 |       0 |     129 |   0.0 |  6892
               +---------+---------+-------+---------+---------+-------+---------
           D:1 |       0 |      24 |   0.0 |       0 |      14 |   0.0 |   821
           D:2 |       0 |     120 |   0.0 |       0 |      30 |   0.0 |   929
           D:3 |       0 |     158 |   0.0 |       0 |      27 |   0.0 |  1455
           D:4 |       0 |     171 |   0.0 |       0 |      13 |   0.0 |  1166
           D:5 |       0 |     462 |   0.0 |       0 |      17 |   0.0 |  1333
           D:6 |       0 |      52 |   0.0 |       0 |       7 |   0.0 |    92
         Sewer |       0 |      58 |   0.0 |       0 |      21 |   0.0 |  1096
               +---------+---------+-------+---------+---------+-------+---------
